Map: 2000 Atmospheres LE

Players

Namshar

  • Race: Zerg Zerg
  • League: Master

Scarlett - Winner!

  • Race: Protoss Protoss

Event: DreamHack SC2 Masters 2021 Summer

VOD

Have the link to the VOD?

Description

Time

  • Played on: May 30, 2021, 4:31 p.m.
  • Length: 14:45

All games in this series

Show
View Real Time Build Order
Export as new Build Order

Namshar Zerg 

Build Orders: Pool First, Lurkers 

Get SALT Encoding   

  12  0:00  Drone  
  13  0:13  Overlord  
  13  0:17  Drone  
  14  0:31  Drone x2  
  14  0:35  Drone  
  17  0:44  Spawning Pool  
  17  0:47  Drone  
  17  1:08  Hatchery  
  16  1:11  Extractor  
  16  1:12  Drone  
  16  1:30  Zergling x6  
  16  1:32  Queen  
  21  1:41  Overlord  
  21  1:53  Zergling x2  
  22  2:03  Drone  
  22  2:07  Queen  
  25  2:12  Metabolic Boost  
  25  2:16  Drone  
  25  2:21  Drone  
  27  2:25  Drone  
  28  2:30  Drone  
  28  2:35  Drone  
  29  2:40  Drone  
  29  2:41  Drone  
  29  2:42  Drone x2  
  32  2:52  Drone  
  32  2:55  Overlord  
  33  3:01  Drone  
  34  3:07  Hatchery  
  34  3:09  Drone x2  
  35  3:19  Drone x4  
  39  3:22  Drone  
  39  3:26  Overlord  
  40  3:29  Drone  
  40  3:30  Drone x2  
  43  3:35  Overlord  
  43  3:42  Drone  
  43  3:45  Roach Warren  
  43  3:46  Extractor  
  42  3:51  Queen  
  42  3:53  Extractor  
  43  3:58  Drone  
  43  3:59  Drone, Overlord  
  43  4:01  Drone x2  
  47  4:08  Spore Crawler  
  46  4:11  Drone  
  46  4:15  Drone x2  
  49  4:19  Drone  
  49  4:20  Drone x2  
  49  4:23  Queen  
  54  4:24  Queen  
  54  4:27  Queen  
  54  4:28  Spore Crawler  
  54  4:30  Spore Crawler  
  56  4:32  Zergling x2  
  56  4:34  Zergling x2  
  58  4:40  Zergling x4  
  60  4:47  Overlord x2  
  60  4:55  Overlord  
  60  4:58  Overlord x2  
  59  5:09  Drone  
  59  5:14  Queen  
  59  5:16  Queen  
  59  5:20  Roach x4  
  71  5:28  Roach x3  
  77  5:33  Roach x2  
  81  5:37  Roach x2  
  85  5:47  Roach x4  
  93  5:56  Extractor  
  92  6:08  Zergling x12, Roach  
  98  6:16  Roach  
  98  6:17  Overlord x3  
  98  6:31  Queen  
  98  6:35  Zergling x10, Roach  
  98  6:38  Queen x2  
  96  6:48  Zergling x2  
  96  6:49  Zergling x6  
  93  6:54  Zergling x2  
  93  6:55  Zergling x10  
  94  7:01  Zergling x2  
  94  7:07  Queen  
  94  7:08  Zergling x4  
  93  7:13  Zergling x2  
  86  7:17  Zergling x2, Roach  
  86  7:19  Queen  
  86  7:22  Zergling x2  
  83  7:26  Drone x6  
  83  7:32  Drone x2  
  83  7:34  Lair  
  80  7:37  Evolution Chamber  
  80  7:39  Drone x2  
  76  7:49  Drone x2, Queen  
  79  7:54  Extractor  
  79  7:55  Extractor x2, Drone x2  
  79  7:58  Drone  
  79  8:00  Drone  
  79  8:04  Drone x9  
  87  8:13  Drone x3  
  87  8:16  Hatchery, Zerg Missile Weapons Level 1  
  89  8:21  Drone  
  89  8:22  Drone  
  91  8:31  Drone  
  92  8:34  Hydralisk Den  
  86  8:49  Zergling x18  
  89  8:56  Queen  
  89  8:57  Queen  
  89  9:00  Drone  
  89  9:01  Overlord x2  
  94  9:03  Drone  
  94  9:04  Infestation Pit  
  94  9:08  Grooved Spines  
  94  9:11  Overlord  
  94  9:18  Evolution Chamber  
  94  9:20  Spore Crawler x2  
  94  9:22  Hydralisk x6  
  103  9:42  Hatchery, Drone  
  103  9:44  Lurker Den  
  103  9:45  Drone, Queen  
  96  9:53  Zerg Ground Armor Level 1  
  96  9:54  Drone, Hive  
  96  9:59  Drone x5  
  104  10:00  Drone x2  
  104  10:05  Queen  
  106  10:07  Hydralisk x3  
  106  10:11  Hatchery  
  109  10:16  Hydralisk x4  
  109  10:19  Muscular Augments  
  109  10:20  Queen, Zerg Missile Weapons Level 2  
  119  10:21  Overseer  
  119  10:25  Hydralisk x2  
  119  10:27  Extractor  
  122  10:29  Extractor  
  122  10:35  Hydralisk x4  
  129  10:45  Hydralisk  
  129  10:46  Hydralisk x3  
  137  10:53  Drone, Overlord x3  
  137  10:55  Drone  
  137  10:56  Drone  
  140  11:07  Drone x8  
  140  11:10  Extractor  
  140  11:11  Overlord  
  147  11:27  Pneumatized Carapace  
  147  11:28  Seismic Spines  
  147  11:30  Drone x3  
  147  11:31  Drone  
  151  11:39  Hydralisk x6  
  153  11:43  Overlord x2  
  161  11:50  Extractor x2  
  159  11:55  Drone x3  
  159  11:56  Drone x2, Overlord  
  159  11:57  Overlord  
  164  12:01  Viper  
  164  12:02  Viper x2  
  164  12:06  Lurker x2  
  176  12:08  Lurker x2  
  176  12:09  Lurker x2  
  176  12:14  Overseer x3  
  152  12:30  Hydralisk x7  
  152  12:31  Hydralisk  
  152  12:36  Hydralisk x6  
  157  12:41  Hydralisk x2  
  157  12:42  Hydralisk  
  159  12:47  Hydralisk x2  
  162  12:52  Hydralisk  
  157  13:01  Overseer  
  156  13:07  Hydralisk Den  
  147  13:15  Spore Crawler  
  147  13:17  Spore Crawler  
  147  13:18  Spore Crawler  
  96  13:44  Hydralisk x15  
  105  13:58  Hydralisk x4  
  113  14:05  Spawning Pool  
  98  14:18  Spore Crawler  
Show
View Real Time Build Order
Export as new Build Order

Scarlett Protoss - Winner!

Build Orders: 1 Gate Expand, Oracle Opening 

Get SALT Encoding   

  12  0:01  Probe  
  13  0:13  Probe  
  14  0:17  Pylon  
  14  0:25  Probe  
  15  0:30  Assimilator  
  15  0:38  Probe (Chrono Boost)  
  16  0:44  Gateway  
  17  0:50  Probe (Chrono Boost)  
  17  0:55  Probe (Chrono Boost)  
  18  1:04  Probe  
  19  1:16  Probe  
  20  1:22  Nexus  
  20  1:32  Cybernetics Core  
  20  1:35  Probe  
  21  1:40  Assimilator  
  21  1:47  Probe  
  21  1:49  Pylon  
  22  2:03  Probe  
  22  2:05  Adept (Chrono Boost)  
  25  2:12  Gateway  
  25  2:15  Probe  
  26  2:25  Gateway  
  26  2:28  Probe  
  27  2:36  Pylon  
  27  2:42  Probe (Chrono Boost), Stargate  
  27  2:44  Probe (Chrono Boost)  
  28  2:54  Probe (Chrono Boost)  
  28  2:56  Probe (Chrono Boost), Adept  
  32  3:00  Probe (Chrono Boost)  
  32  3:01  Probe (Chrono Boost)  
  32  3:03  Warp Gate  
  34  3:08  Probe  
  34  3:10  Probe  
  36  3:17  Void Ray (Chrono Boost)  
  36  3:20  Probe  
  36  3:23  Probe  
  42  3:30  Pylon  
  42  3:32  Probe  
  43  3:35  Probe, Adept  
  46  3:46  Gateway  
  46  3:48  Probe x2  
  48  3:51  Oracle (Chrono Boost)  
  51  3:59  Pylon  
  51  4:00  Probe x2  
  53  4:07  Pylon  
  53  4:12  Probe  
  54  4:17  Twilight Council  
  54  4:18  Probe  
  55  4:24  Probe  
  55  4:25  Nexus  
  56  4:46  Gateway  
  56  4:47  Probe x2, Pylon  
  56  4:48  Gateway  
  58  4:53  Adept x2  
  58  4:55  Resonating Glaives (Chrono Boost)  
  58  4:59  Probe x2  
  64  5:00  Pylon  
  64  5:12  Probe  
  64  5:13  Probe  
  66  5:15  Adept x2  
  66  5:19  Assimilator  
  66  5:21  Stargate  
  70  5:23  Stargate, Assimilator  
  70  5:26  Probe x2  
  70  5:28  Shield Battery  
  72  5:38  Adept x2  
  72  5:40  Probe x2  
  72  5:41  Probe  
  79  5:48  Adept x2  
  83  5:52  Probe x2  
  85  5:57  Probe  
  85  5:59  Assimilator  
  85  6:03  Shield Battery  
  85  6:04  Probe, Void Ray (Chrono Boost), Assimilator  
  89  6:17  Adept x4  
  93  6:32  Forge  
  93  6:35  Void Ray (Chrono Boost)  
  78  6:40  Adept x4  
  78  6:43  Shield Battery, Protoss Air Weapons Level 1 (Chrono Boost)  
  78  6:45  Shield Battery  
  74  7:00  Adept x2  
  73  7:06  Probe  
  73  7:07  Probe, Photon Cannon  
  76  7:18  Pylon  
  76  7:19  Pylon  
  71  7:31  Probe x2  
  71  7:34  Pylon  
  71  7:36  Void Ray x2  
  73  7:37  Adept  
  73  7:38  Adept x3  
  73  7:40  Probe  
  73  7:43  Probe x2  
  84  7:46  Fleet Beacon  
  84  7:49  Void Ray  
  88  7:59  Probe x2 (Chrono Boost)  
  88  8:00  Probe (Chrono Boost)  
  91  8:08  Adept x4  
  91  8:09  Probe (Chrono Boost)  
  91  8:11  Probe (Chrono Boost)  
  101  8:16  Pylon  
  101  8:19  Pylon  
  101  8:22  Pylon  
  101  8:25  Pylon  
  101  8:34  Probe x3  
  104  8:35  Pylon  
  104  8:36  Flux Vanes  
  100  8:50  Adept x2  
  100  8:51  Probe x3  
  103  9:01  Void Ray  
  103  9:03  Probe x3  
  103  9:06  Void Ray  
  103  9:09  Nexus  
  114  9:18  Protoss Air Weapons Level 2 (Chrono Boost)  
  114  9:19  Pylon  
  114  9:20  Pylon  
  114  9:22  Charge  
  114  9:23  Templar Archives  
  114  9:36  Photon Cannon  
  114  9:37  Pylon  
  114  9:40  Void Ray x2  
  110  9:52  Mothership (Chrono Boost)  
  110  9:56  Void Ray  
  110  9:57  Probe (Chrono Boost)  
  110  9:58  Probe (Chrono Boost)  
  120  10:00  Psionic Storm  
  124  10:18  High Templar x2, Adept  
  124  10:20  Adept  
  132  10:21  Void Ray  
  132  10:25  Assimilator  
  136  10:28  Assimilator  
  136  10:31  Probe x3  
  136  10:34  Pylon  
  139  10:39  Photon Cannon  
  139  10:41  Shield Battery  
  139  10:43  Probe  
  139  10:46  High Templar x2  
  144  10:53  Adept  
  144  10:54  Adept  
  148  10:59  Void Ray x2  
  148  11:01  Photon Cannon x2  
  148  11:06  Void Ray  
  148  11:09  Pylon  
  148  11:10  Pylon  
  156  11:14  Adept  
  156  11:15  Adept  
  164  11:23  Adept x2  
  168  11:34  Void Ray (Chrono Boost)  
  168  11:37  Nexus  
  168  11:38  Pylon  
  168  11:41  Adept  
  168  11:42  Void Ray x2 (Chrono Boost), Adept  
  168  11:44  Protoss Air Weapons Level 3 (Chrono Boost)  
  184  11:56  Adept x2  
  184  11:58  Photon Cannon  
  188  12:02  Shield Battery  
  188  12:05  Photon Cannon  
  188  12:06  Pylon  
  188  12:07  Photon Cannon  
  188  12:11  Robotics Facility  
  188  12:17  Adept x2  
  188  12:18  Adept x2  
  176  12:32  Void Ray x2  
  174  12:44  Void Ray  
  176  12:53  Photon Cannon  
  176  12:57  Adept x4  
  178  13:02  Observer (Chrono Boost)  
  178  13:03  Photon Cannon  
  179  13:09  Void Ray x2  
  177  13:18  Adept x4  
  189  13:21  Void Ray  
  157  13:46  Void Ray x2  
  157  13:48  Adept x3  
  151  13:52  Pylon  
  151  13:53  Stargate  
  151  13:54  Stargate  
  159  13:58  Void Ray  
  155  14:05  Probe x4, Assimilator  
  155  14:09  Assimilator  
  163  14:16  Adept x3  
  169  14:17  Probe  
  169  14:22  Adept  
  168  14:29  Gateway  
  170  14:32  Gateway  
  170  14:34  Gateway  
Tags
 
Add a new tag
Caveats
  • Supply blocks, unpowered buildings, or Contaminate may cause inaccurate times.
  • Supply counts are checked every 10 seconds.